MLB
TORONTO BLUE JAYS @ LOS ANGELES (A) ANGELS
06/01/2042
 
TOP OF THE 1ST
Toronto Blue Jays batting - Pitching for Los Angeles (A) Angels : LHP Juan Chávez
Pitching: LHP Juan Chávez
Batting: LHB Brad Hart 0-0: Called Strike
0-1: Ball
1-1: Called Strike
1-2: Ball
2-2: Foul Ball, location: 5F
2-2: Ground out 3-1 (Groundball, 34, EV 107.5 MPH)
Batting: LHB Mike Lowe 0-0: Called Strike
0-1: Swinging Strike
0-2: Strikes out swinging
Batting: LHB José Trejo 0-0: Ball
1-0: Ground out U3 (Groundball, 34S, EV 86.9 MPH)
Top of the 1st over - 0 runs, 0 hits, 0 errors, 0 left on base; Toronto 0 - Los Angeles (A) 0
BOTTOM OF THE 1ST
Los Angeles (A) Angels batting - Pitching for Toronto Blue Jays : RHP Charlie Harris
Pitching: RHP Charlie Harris
Batting: SHB Pancho Baca 0-0: Ball
1-0: Ball
2-0: Ball
3-0: Ground out 4-3 (Groundball, 4, EV 102.5 MPH)
Batting: LHB Tony Morín 0-0: Ball
1-0: Foul Ball, location: 3FF
1-1: Called Strike
1-2: DOUBLE (Line Drive, 5D, EV 98.8 MPH)
Batting: RHB Greg Simmons 0-0: Ball
1-0: Swinging Strike
1-1: Called Strike
1-2: Ball
2-2: Foul Ball, location: 9LMF
2-2: Ball
3-2: Base on Balls
Batting: LHB Bobby Fontenot 0-0: Ball
1-0: Ball
2-0: Called Strike
2-1: Swinging Strike
2-2: Strikes out swinging
Batting: RHB Brad Rasmussen 0-0: Called Strike
0-1: Ball
1-1: 3-RUN HOME RUN (Line Drive, 7LD, EV 92.5 MPH), Distance : 344 ft
Batting: RHB Chris Stephens 0-0: Ball
1-0: Ground out 6-3 (Groundball, 6, EV 107.5 MPH)
Bottom of the 1st over - 3 runs, 2 hits, 0 errors, 0 left on base; Toronto 0 - Los Angeles (A) 3
TOP OF THE 2ND
Toronto Blue Jays batting - Pitching for Los Angeles (A) Angels : LHP Juan Chávez
Batting: RHB Jeff Horton 0-0: Ball
1-0: Ball
2-0: Ball
3-0: Base on Balls
Batting: RHB Don Greene 0-0: Called Strike
0-1: Foul Ball, location: 3F
0-2: Ball
1-2: Foul Ball, location: 2F
1-2: Strikes out swinging
Batting: RHB Joe Lindsay 0-0: Called Strike
0-1: Fly out, F9 (Flyball, 89D, EV 96.3 MPH)
Batting: RHB Augusto Guerra 0-0: Called Strike
0-1: Called Strike
0-2: Strikes out swinging
Top of the 2nd over - 0 runs, 0 hits, 0 errors, 1 left on base; Toronto 0 - Los Angeles (A) 3
BOTTOM OF THE 2ND
Los Angeles (A) Angels batting - Pitching for Toronto Blue Jays : RHP Charlie Harris
Batting: RHB Juan Nava 0-0: Called Strike
0-1: Ball
1-1: Ball
2-1: Ball
3-1: Base on Balls
Batting: RHB Erik Lark 0-0: Ball
Juan Nava steals 2nd base
1-0: Sac Bunt to P - play at first, batter OUT! 1-3
Juan Nava to third
Batting: RHB Randy Burrowes 0-0: Ball
1-0: Called Strike
1-1: Ball
Wild Pitch!
Juan Nava scores
2-1: Foul Ball, location: 23FF
2-2: Ball
3-2: Ground out 5-3 (Groundball, 5L, EV 77.5 MPH)
Batting: SHB Pancho Baca 0-0: Ball
1-0: Ball
2-0: Called Strike
2-1: Called Strike
2-2: Strikes out looking
Bottom of the 2nd over - 1 run, 0 hits, 0 errors, 0 left on base; Toronto 0 - Los Angeles (A) 4
TOP OF THE 3RD
Toronto Blue Jays batting - Pitching for Los Angeles (A) Angels : LHP Juan Chávez
Batting: RHB Juan Luna 0-0: Ground out 5-3 (Groundball, 56, EV 84.4 MPH)
Batting: RHB Bob Powers 0-0: Ball
1-0: Ball
2-0: Ball
3-0: Base on Balls
Batting: LHB Brad Hart 0-0: Ball
1-0: Fly out, F7 (Line Drive, 7, EV 93.8 MPH)
Batting: LHB Mike Lowe 0-0: Ball
1-0: Foul Ball, location: 7LMF
1-1: Fly out, F7 (Flyball, 78M, EV 77.5 MPH)
Top of the 3rd over - 0 runs, 0 hits, 0 errors, 1 left on base; Toronto 0 - Los Angeles (A) 4
BOTTOM OF THE 3RD
Los Angeles (A) Angels batting - Pitching for Toronto Blue Jays : RHP Charlie Harris
Batting: LHB Tony Morín 0-0: Foul Ball, location: 7LMF
0-1: Foul Ball, location: 2F
0-2: Ball
1-2: Ball
2-2: Foul Ball, location: 23F
2-2: Strikes out swinging
Batting: RHB Greg Simmons 0-0: Called Strike
0-1: Swinging Strike
0-2: Ball
1-2: Foul Ball, location: 2F
1-2: SINGLE (Groundball, 6D, EV 107.5 MPH)
Batting: LHB Bobby Fontenot 0-0: Called Strike
0-1: Ball
1-1: Ball
Wild Pitch!
Greg Simmons to second
2-1: 2-RUN HOME RUN (Flyball, 89XD, EV 102.5 MPH), Distance : 389 ft
Pitching: RHP Mike Bean
Batting: RHB Brad Rasmussen 0-0: Ball
1-0: Called Strike
1-1: SINGLE (Line Drive, 7S, EV 81.9 MPH)
Batting: RHB Chris Stephens 0-0: Called Strike
0-1: Fly out, F7 (Flyball, 7, EV 92.5 MPH)
Batting: RHB Juan Nava 0-0: Ball
1-0: Called Strike
1-1: Ball
2-1: Ball
3-1: TRIPLE (Line Drive, 8LXD, EV 111.3 MPH)
Brad Rasmussen scores
Batting: RHB Erik Lark 0-0: Fly out, F8 (Flyball, 8LS, EV 75.6 MPH)
Bottom of the 3rd over - 3 runs, 4 hits, 0 errors, 1 left on base; Toronto 0 - Los Angeles (A) 7
TOP OF THE 4TH
Toronto Blue Jays batting - Pitching for Los Angeles (A) Angels : LHP Juan Chávez
Batting: LHB José Trejo 0-0: Called Strike
0-1: Ball
1-1: Ground out 4-3 (Groundball, 4, EV 86.3 MPH)
Batting: RHB Jeff Horton 0-0: Ball
1-0: SINGLE (Groundball, P, EV 85.0 MPH) (infield hit)
Batting: RHB Don Greene 0-0: Foul Ball, location: 9LMF
0-1: Ball
1-1: SINGLE (Groundball, 6S, EV 88.1 MPH)
Jeff Horton to second
Batting: RHB Joe Lindsay 0-0: Ball
1-0: Grounds into double play, 5-4-3 (Groundball, 56S, EV 86.9 MPH)
Top of the 4th over - 0 runs, 2 hits, 0 errors, 1 left on base; Toronto 0 - Los Angeles (A) 7
BOTTOM OF THE 4TH
Los Angeles (A) Angels batting - Pitching for Toronto Blue Jays : RHP Mike Bean
Batting: RHB Randy Burrowes 0-0: Swinging Strike
0-1: Ball
1-1: Swinging Strike
1-2: Foul Ball, location: 9LDF
1-2: Ball
2-2: Ground out 4-3 (Groundball, 4S, EV 70.0 MPH)
Batting: SHB Pancho Baca 0-0: Ground out 4-3 (Groundball, 4S, EV 84.4 MPH)
Batting: LHB Tony Morín 0-0: Ground out 6-3 (Groundball, 6, EV 99.4 MPH)
Bottom of the 4th over - 0 runs, 0 hits, 0 errors, 0 left on base; Toronto 0 - Los Angeles (A) 7
TOP OF THE 5TH
Toronto Blue Jays batting - Pitching for Los Angeles (A) Angels : LHP Juan Chávez
Batting: RHB Augusto Guerra 0-0: Fly out, F7 (Flyball, 7, EV 79.4 MPH)
Batting: RHB Juan Luna 0-0: Called Strike
0-1: Ball
1-1: DOUBLE (Line Drive, 78M, EV 96.9 MPH)
Batting: RHB Bob Powers 0-0: Ball
1-0: Ball
2-0: Foul Ball, location: 5F
2-1: Swinging Strike
2-2: Foul Ball, location: 2F
2-2: Strikes out looking
Batting: LHB Brad Hart 0-0: Ball
1-0: Fly out, F8 (Flyball, 8RD, EV 91.9 MPH)
Top of the 5th over - 0 runs, 1 hit, 0 errors, 1 left on base; Toronto 0 - Los Angeles (A) 7
BOTTOM OF THE 5TH
Los Angeles (A) Angels batting - Pitching for Toronto Blue Jays : RHP Mike Bean
Batting: RHB Greg Simmons 0-0: Called Strike
0-1: Ball
1-1: Ball
2-1: Ball
3-1: Base on Balls
Batting: LHB Bobby Fontenot 0-0: Foul Ball, location: 5DF
0-1: Foul Ball, location: 9LSF
0-2: Strikes out swinging
Batting: RHB Brad Rasmussen 0-0: Called Strike
0-1: Ball
1-1: SINGLE (Line Drive, 8LS, EV 86.3 MPH)
Greg Simmons to second
Batting: RHB Chris Stephens 0-0: Ball
1-0: Ball
2-0: SINGLE (Line Drive, 7LS, EV 96.3 MPH)
Greg Simmons to third
Brad Rasmussen to second
Batting: RHB Juan Nava 0-0: Ball
1-0: Ball
2-0: Ball
3-0: Foul Ball, location: 2F
3-1: Called Strike
3-2: Foul Ball, location: 9LDF
3-2: Foul Ball, location: 9LMF
3-2: Strikes out swinging
Batting: RHB Erik Lark 0-0: Ball
1-0: Foul Ball, location: 25FF
1-1: Foul Ball, location: 5F
1-2: Ball
2-2: Ball
3-2: SINGLE (Line Drive, 3D, EV 109.4 MPH)
Greg Simmons scores
Brad Rasmussen to third
Chris Stephens to second
Brad Rasmussen scores
Chris Stephens to third
Batting: RHB Randy Burrowes 0-0: Ball
1-0: Fly out, F7 (Line Drive, 7S, EV 98.8 MPH)
Bottom of the 5th over - 2 runs, 3 hits, 0 errors, 2 left on base; Toronto 0 - Los Angeles (A) 9
TOP OF THE 6TH
Toronto Blue Jays batting - Pitching for Los Angeles (A) Angels : LHP Juan Chávez
Batting: LHB Mike Lowe 0-0: Ball
1-0: Called Strike
1-1: Foul Ball, location: 2F
1-2: Strikes out swinging
Batting: LHB José Trejo 0-0: Swinging Strike
0-1: Ball
1-1: Called Strike
1-2: Ball
2-2: SINGLE (Flyball, 8LS, EV 90.0 MPH)
Batting: RHB Jeff Horton 0-0: Foul Ball, location: 2F
0-1: Grounds into double play, 6-4-3 (Groundball, 6, EV 81.3 MPH)
Top of the 6th over - 0 runs, 1 hit, 0 errors, 0 left on base; Toronto 0 - Los Angeles (A) 9
BOTTOM OF THE 6TH
Los Angeles (A) Angels batting - Pitching for Toronto Blue Jays : RHP Mike Bean
Batting: SHB Pancho Baca 0-0: Ball
1-0: Fly out, F8 (Flyball, 78S, EV 89.4 MPH)
Batting: LHB Tony Morín 0-0: Ball
1-0: Foul Ball, location: 2F
1-1: Fly out, F8 (Line Drive, 8LD, EV 91.9 MPH)
Batting: RHB Greg Simmons 0-0: Swinging Strike
0-1: Ground out 5-3 (Groundball, 56S, EV 86.3 MPH)
Bottom of the 6th over - 0 runs, 0 hits, 0 errors, 0 left on base; Toronto 0 - Los Angeles (A) 9
TOP OF THE 7TH
Toronto Blue Jays batting - Pitching for Los Angeles (A) Angels : LHP Juan Chávez
Batting: RHB Don Greene 0-0: Foul Ball, location: 25FF
0-1: Foul Ball, location: 5FF
0-2: Ball
1-2: Fly out, F3 (Popup, 23F, EV 85.0 MPH)
Batting: RHB Joe Lindsay 0-0: Ball
1-0: Ground out U3 (Groundball, 13, EV 80.0 MPH)
Pinch Hitting: SHB Albert García 0-0: Ground out U3 (Groundball, 3, EV 86.3 MPH)
Top of the 7th over - 0 runs, 0 hits, 0 errors, 0 left on base; Toronto 0 - Los Angeles (A) 9
BOTTOM OF THE 7TH
Los Angeles (A) Angels batting - Pitching for Toronto Blue Jays : RHP Mike Bean
Now at 2B: Albert García
Batting: LHB Bobby Fontenot 0-0: SINGLE (Line Drive, 4D, EV 101.9 MPH)
Pitching: LHP Rubén Mendoza
Batting: RHB Brad Rasmussen 0-0: Ball
1-0: Ball
2-0: TRIPLE (Flyball, 89XD, EV 95.6 MPH)
Bobby Fontenot scores
Batting: RHB Chris Stephens 0-0: Called Strike
0-1: Fly out, F5 (Line Drive, 5, EV 67.5 MPH)
Lined into DP, U5 (Line Drive, 5, EV 67.5 MPH)
Batting: RHB Juan Nava 0-0: Ball
1-0: Called Strike
1-1: Called Strike
1-2: Ball
2-2: Fly out, F3 (Popup, 23F, EV 81.3 MPH)
Bottom of the 7th over - 1 run, 2 hits, 0 errors, 0 left on base; Toronto 0 - Los Angeles (A) 10
TOP OF THE 8TH
Toronto Blue Jays batting - Pitching for Los Angeles (A) Angels : LHP Juan Chávez
Batting: RHB Juan Luna 0-0: DOUBLE (Line Drive, 7LM, EV 105.0 MPH)
Batting: RHB Bob Powers 0-0: Ball
1-0: Ball
2-0: Foul Ball, location: 5FF
2-1: Ball
3-1: Base on Balls
Batting: LHB Brad Hart 0-0: Ball
1-0: Foul Ball, location: 5DF
1-1: Swinging Strike
1-2: Ball
2-2: Ball
3-2: SINGLE (Groundball, 4MS, EV 64.4 MPH) (infield hit)
Juan Luna to third
Bob Powers to second
Batting: LHB Mike Lowe 0-0: Called Strike
0-1: Called Strike
0-2: Ball
1-2: Foul Ball, location: 2F
1-2: Grounds into fielders choice 6-2 (Groundball, 6S, EV 68.1 MPH)
Bob Powers to third
Brad Hart to second
Batting: LHB José Trejo 0-0: Foul Ball, location: 3DF
0-1: Foul Ball, location: 7LSF
0-2: Strikes out swinging
Batting: RHB Jeff Horton 0-0: Foul Ball, location: 9LSF
0-1: SINGLE (Line Drive, 89S, EV 103.8 MPH)
Bob Powers scores
Brad Hart to third
Mike Lowe to second
Throwing error, E9
Brad Hart scores
Mike Lowe to third
Jeff Horton to second
Pitching: LHP Stan Mitchell
Batting: RHB Don Greene 0-0: Ball
1-0: Swinging Strike
1-1: Ball
2-1: Called Strike
2-2: Foul Ball, location: 2F
2-2: Strikes out looking
Top of the 8th over - 2 runs, 3 hits, 1 error, 2 left on base; Toronto 2 - Los Angeles (A) 10
BOTTOM OF THE 8TH
Los Angeles (A) Angels batting - Pitching for Toronto Blue Jays : LHP Rubén Mendoza
Batting: RHB Erik Lark 0-0: Called Strike
0-1: Ball
1-1: Fly out, F9 (Flyball, 9, EV 95.0 MPH)
Batting: RHB Randy Burrowes 0-0: Ground out 6-3 (Groundball, 6, EV 99.4 MPH)
Batting: SHB Pancho Baca 0-0: Foul Ball, location: 5DF
0-1: Foul Ball, location: 2F
0-2: Ball
1-2: SINGLE (Groundball, 3S, EV 66.9 MPH) (infield hit)
Batting: LHB Tony Morín 0-0: Foul Ball, location: 2F
0-1: Foul Ball, location: 5FF
0-2: Foul Ball, location: 7LDF
0-2: Foul Ball, location: 23F
0-2: Ball
1-2: Ball
2-2: Strikes out swinging
Bottom of the 8th over - 0 runs, 1 hit, 0 errors, 1 left on base; Toronto 2 - Los Angeles (A) 10
TOP OF THE 9TH
Toronto Blue Jays batting - Pitching for Los Angeles (A) Angels : LHP Stan Mitchell
Pinch Hitting: LHB Jimmy Trinidad 0-0: Ball
1-0: Swinging Strike
1-1: Ball
2-1: Foul Ball, location: 7LDF
2-2: Ball
3-2: Foul Ball, location: 5F, Error on foul ball, E5
3-2: Fly out, F9 (Flyball, 9LM, EV 100.6 MPH)
Batting: SHB Albert García 0-0: Called Strike
0-1: Called Strike
0-2: SINGLE (Line Drive, 8RS, EV 110.0 MPH)
Batting: RHB Juan Luna 0-0: Foul Ball, location: 2F
0-1: Grounds into double play, 5-4-3 (Groundball, 56, EV 102.5 MPH)
Top of the 9th over - 0 runs, 1 hit, 1 error, 0 left on base; Toronto 2 - Los Angeles (A) 10
Wednesday, May 1st , 2024 - OOTP Baseball 24.10 Build 82